 Dungeon Crawl Stone Soup version 0.31-a0-145-g046c7d2549 (webtiles) character file.

Game seed: 7255907879235981490

11226 qw the Skirmisher (level 11, -3/101 HPs)
             Began as a Minotaur Hunter on June 7, 2023.
             Was a Priest of Okawaru.
             Slain by a vampire (7 damage)
             ... on level 11 of the Dungeon.
             The game lasted 00:04:49 (9903 turns).

qw the Skirmisher (Minotaur Hunter)                 Turns: 9903, Time: 00:04:50

Health: -3/101     AC: 12    Str: 15    XL:     11   Next: 46%
Magic:  13/13      EV: 24    Int:  5    God:    Okawaru [***...]
Gold:   987        SH:  0    Dex: 22    Spells: 10/10 levels left

rFire   . . .        s - +0 orcbow
rCold   . . .        (shield currently unavailable)
rNeg    . . .        o - +0 steam dragon scales
rPois   +            (helmet restricted)
rElec   .            l - +1 cloak
rCorr   .            n - +0 pair of gloves
SInv    .            a - +1 pair of boots
Will    .....        (no amulet)
Stlth   ++           d - +5 ring of evasion
HPRegen 0.36/turn    i - ring of poison resistance
MPRegen 0.13/turn

%: no passive effects
@: no status effects
A: horns 2, retaliatory headbutt, agile 1, shaggy fur 1
a: Renounce Religion, Heroism


You were on level 11 of the Dungeon.
You worshipped Okawaru.
Okawaru was most pleased with you.
You visited 1 branch of the dungeon, and saw 11 of its levels.

You collected 1638 gold pieces.
You spent 651 gold pieces at shops.


Innate Abilities, Weirdness & Mutations

You have a pair of horns on your head.
You reflexively headbutt those who attack you in melee.
You are agile. (Dex +4, Str/Int -1)
You are covered in fur. (AC +1)


   Skills:
 - Level 10.7 Fighting
 + Level 14.3 Ranged Weapons
 - Level 5.1 Armour
 - Level 9.0 Dodging
 - Level 0.7 Stealth
 - Level 4.0 Invocations


You had 10 spell levels left.
You didn't know any spells.
Your spell library was empty.

Inventory:

Hand Weapons
 s - a +0 orcbow (weapon)
Armour
 a - a +1 pair of boots (worn)
 k - a +1 robe of fire resistance
 l - a +1 cloak (worn)
 n - a +0 pair of gloves (worn)
 o - +0 steam dragon scales (worn)
Jewellery
 d - a +5 ring of evasion (left hand)
 f - a ring of see invisible
 i - a ring of poison resistance (right hand)
 m - a ring of resist corrosion
Wands
 j - a wand of digging (5)
Scrolls
 e - 10 scrolls of identify
 h - 7 scrolls of teleportation
 u - a scroll of immolation {unknown}
Potions
 b - 2 potions of heal wounds
 c - a potion of might
 g - 3 potions of haste
 p - 3 potions of resistance
 q - a potion of magic
 t - a potion of cancellation {unknown}

Dungeon Overview and Level Annotations

Branches:
Dungeon (11/15)            Temple (0/1) D:6            Lair (0/5) D:11
    Orc (0/2) D:10

Altars:
Ashenzari
Dithmenos
Elyvilon
Gozag
Makhleb
Okawaru
Ru
Sif Muna
Uskayaw
Wu Jian
Yredelemnul
Zin

Shops:
D:3 *   D:6 *   D:10 *

Annotations:
D:3 1 runed translucent door, qw's ghost, amateur GrFi


Message History

Something draws strength from your injuries!
You shoot an arrow. Something draws life force from you!
You shoot an arrow. Something hits you. Something bites you but does no damage.
You shoot an arrow. You shoot an arrow. Something hits you!
Something bites you but does no damage.
You shoot an arrow. Something misses you. Something bites you.
Something draws strength from your injuries!
You shoot an arrow. Something draws life force from you!!
You shoot an arrow. You shoot an arrow.
You hear some strange, mumbled words.
You are confused.
You shoot an arrow. Something closely misses you.
Something completely misses you.
You shoot an arrow. Something closely misses you. Something bites you.
Something draws strength from your injuries!
You shoot an arrow. Something hits you. Something misses you.
You shoot an arrow. You shoot an arrow. Something misses you.
Something bites you!
Something draws strength from your injuries!
You shoot an arrow. Something hits you but does no damage.
Something bites you but does no damage.
You shoot an arrow. Something hits you! Something closely misses you.
You shoot an arrow. Something hits you. Something bites you.
Something draws strength from your injuries!
You shoot an arrow.
You feel less confused.
You shoot an arrow. Something hits you!
You die...

#########
###############.......##
!.............#.......#.
..............#.......#.
......{@......#.......#.
#+####+######.#.......##
#.####'#<...
#......#....
#......#....
#......#....
#......#....
#......#....
#......#....


There were no monsters in sight!

Vanquished Creatures
  2 boulder beetles (D:11)
  Lodul (D:10)
  Pikel (D:7)
  A manticore (D:7)
  A komodo dragon (D:11)
  3 hornets
  Grinder (D:3)
  Sigmund (D:3)
  2 shadows
  2 wyverns
  5 yaks (D:8)
  Eustachio (D:4)
  A vampire (D:10)
  A steam dragon (D:8)
  Menkaure (D:4)
  A two-headed ogre zombie (D:10)
  4 water moccasins
  An ice beast (D:6)
  2 orc warriors
  A black bear (D:6)
  2 sky beasts
  10 ogres
  9 centaurs
  2 phantoms (D:10)
  2 kobold brigands (D:6)
  2 bullfrogs (D:7)
  A scorpion (D:5)
  4 gnoll sergeants
  9 wights
  3 troll zombies (D:10)
  4 killer bees (D:9)
  3 howler monkeys
  2 electric eels
  3 hounds
  3 jellies
  A gnoll bouda (D:8)
  11 orc priests
  Jessica (D:2)
  2 sleepcaps
  8 orc wizards
  4 ogre zombies (D:10)
  Robin (D:2)
  8 adders
  21 gnolls
  A shadow imp (D:5)
  2 adder zombies (D:3)
  3 worms
  44 orcs
  5 ball pythons
  5 endoplasms
  2 giant cockroaches
  19 goblins
  16 hobgoblins
  A ball python zombie (D:3)
  4 bats
  3 frilled lizards
  3 goblin skeletons (D:10)
  2 goblin zombies (D:10)
  2 hobgoblin skeletons (D:10)
  2 hobgoblin zombies (D:10)
  17 kobolds
  3 orc skeletons (D:10)
  13 orc zombies (D:10)
  5 rats
301 creatures vanquished.

Notes
Turn   | Place    | Note
-------+----------+-------------------------------------------
     0 | D:1      | qw the Minotaur Hunter began the quest for the Orb.
     0 | D:1      | Reached XP level 1. HP: 18/18 MP: 0/0
     0 | D:1      | 0 ||| qw: Version: 0.2-a-117-gc6b5c8b
     0 | D:1      | 0 ||| qw: Game counter: 2543
     0 | D:1      | 0 ||| qw: Always use a shield: true
     0 | D:1      | 0 ||| qw: God list: Okawaru
     0 | D:1      | 0 ||| qw: Allow faded altars: false
     0 | D:1      | 0 ||| qw: Do Orc after D:15 true
     0 | D:1      | 0 ||| qw: Do second Lair branch before Depths: true
     0 | D:1      | 0 ||| qw: Lair rune preference: random
     0 | D:1      | 0 ||| qw: Plans: Normal
     0 | D:1      | 0 ||| PLANNING D:1-11
   321 | D:1      | Reached XP level 2. HP: 25/25 MP: 1/1
   342 | D:1      | Reached skill level 5 in Ranged Weapons
   688 | D:1      | Reached skill level 3 in Fighting
   836 | D:1      | 836 ||| UPGRADING to +0 cloak.
   841 | D:1      | 841 ||| READING scroll labelled JUSETI ALOOFI.
   846 | D:1      | 846 ||| READING 2 scrolls labelled GAEGEA MODGHEY.
   847 | D:1      | 847 ||| READING scroll labelled GIAQOL QAOPUBO.
   848 | D:1      | 848 ||| READING scroll labelled VEFEIPR GAANI.
   849 | D:1      | 849 ||| READING scroll labelled JEDIWE GILI.
   950 | D:1      | 950 ||| DROPPING scroll of butterflies.
   967 | D:2      | Noticed Jessica
   969 | D:2      | Killed Jessica
   970 | D:2      | Reached XP level 3. HP: 31/31 MP: 2/2
  1102 | D:2      | Noticed Robin
  1104 | D:2      | Reached XP level 4. HP: 38/38 MP: 3/3
  1106 | D:2      | Reached skill level 6 in Ranged Weapons
  1114 | D:2      | Killed Robin
  1115 | D:2      | Reached skill level 1 in Armour
  1855 | D:2      | 1855 ||| READING scroll labelled KICVARPH RASCHO.
  1856 | D:2      | 1856 ||| READING scroll labelled VETUT WUAQOQYDO.
  1857 | D:2      | 1857 ||| READING scroll labelled DAGICS YKHAPA.
  1858 | D:2      | 1858 ||| DRINKING 2 white potions.
  1906 | D:2      | 1906 ||| READING 5 scrolls of identify.
  1906 | D:2      | 1906 ||| IDENTIFYING orange potion
  1907 | D:2      | 1907 ||| READING 4 scrolls of identify.
  1907 | D:2      | 1907 ||| IDENTIFYING metallic ruby potion
  1908 | D:2      | 1908 ||| READING 3 scrolls of identify.
  1908 | D:2      | 1908 ||| IDENTIFYING black potion
  1909 | D:2      | 1909 ||| READING 2 scrolls of identify.
  1909 | D:2      | 1909 ||| IDENTIFYING fuming ruby potion
  1910 | D:2      | 1910 ||| DROPPING potion of lignification.
  1911 | D:2      | 1911 ||| DROPPING potion of berserk rage.
  1912 | D:2      | 1912 ||| DROPPING potion of enlightenment.
  1913 | D:2      | 1913 ||| DROPPING potion of magic.
  1974 | D:3      | Noticed Grinder
  1985 | D:3      | Killed Grinder
  1986 | D:3      | Reached skill level 6 in Fighting
  1986 | D:3      | Reached XP level 5. HP: 14/50 MP: 4/4
  1986 | D:3      | Reached XP level 6. HP: 16/57 MP: 5/5
  2251 | D:3      | Found a basalt altar of Yredelemnul.
  2295 | D:3      | 2295 ||| DRINKING potion of curing.
  2295 | D:3      | 2295 ||| (to cure confusion)
  2321 | D:3      | Noticed Sigmund
  2322 | D:3      | 2322 ||| FLEEEEING.
  2323 | D:3      | 2323 ||| FLEEEEING.
  2344 | D:3      | Killed Sigmund
  2345 | D:3      | Reached skill level 7 in Ranged Weapons
  2345 | D:3      | Reached XP level 7. HP: 31/63 MP: 6/6
  2568 | D:3      | Found an iron altar of Okawaru.
  2569 | D:3      | 2569 ||| PLANNING OKAWARU WORSHIP
  2569 | D:3      | 2569 ||| UPGRADING to +0 ring mail.
  2579 | D:3      | 2579 ||| DROPPING +0 leather armour.
  2580 | D:3      | 2580 ||| UPGRADING to +5 ring of evasion.
  2581 | D:3      | 2581 ||| READING scroll labelled SENKEF WITUPY.
  2593 | D:3      | Became a worshipper of Warmaster Okawaru
  2593 | D:3      | 2593 ||| PLANNING D:1-11
  2690 | D:3      | Found a runed translucent door.
  2731 | D:3      | 2731 ||| READING scroll of enchant armour.
  2731 | D:3      | 2731 ||| ENCHANTING +0 cloak.
  2765 | D:3      | Found Fofyun's General Store.
  2768 | D:3      | 2768 ||| BUYING potion of might (52 gold).
  2768 | D:3      | Bought a potion of might for 52 gold pieces
  2768 | D:3      | 2768 ||| BUYING scroll of identify (26 gold).
  2768 | D:3      | Bought a scroll of identify for 26 gold pieces
  2768 | D:3      | 2768 ||| SHOPLISTING scroll of teleportation (39 gold, have
                  | 38).
  3095 | D:3      | Noticed qw's ghost (amateur GrFi)
  3097 | D:3      | 3097 ||| UPGRADING to +0 pair of boots.
  3102 | D:3      | 3102 ||| READING 2 scrolls of identify.
  3102 | D:3      | 3102 ||| IDENTIFYING metallic pink potion
  3122 | D:4      | Found a broken altar of Ashenzari.
  3160 | D:4      | Noticed an angel
  3161 | D:4      | Found a glowing silver altar of Zin.
  3164 | D:4      | Noticed Menkaure
  3169 | D:4      | Killed Menkaure
  3170 | D:4      | Reached skill level 3 in Armour
  3205 | D:4      | Found a shadowy altar of Dithmenos.
  3253 | D:4      | 3253 ||| FLEEEEING.
  3254 | D:4      | 3254 ||| FLEEEEING.
  3255 | D:4      | 3255 ||| FLEEEEING.
  3256 | D:4      | 3256 ||| FLEEEEING.
  3257 | D:4      | 3257 ||| FLEEEEING.
  3258 | D:4      | 3258 ||| FLEEEEING.
  3259 | D:4      | 3259 ||| FLEEEEING.
  3260 | D:4      | 3260 ||| FLEEEEING.
  3261 | D:4      | 3261 ||| FLEEEEING.
  3262 | D:4      | 3262 ||| FLEEEEING.
  3270 | D:4      | Reached skill level 8 in Ranged Weapons
  3312 | D:4      | 3312 ||| FLEEEEING.
  3313 | D:4      | 3313 ||| FLEEEEING.
  3314 | D:4      | 3314 ||| FLEEEEING.
  3315 | D:4      | 3315 ||| FLEEEEING.
  3617 | D:4      | Noticed Eustachio
  3630 | D:4      | Killed Eustachio
  3785 | D:4      | 3785 ||| DROPPING +6 ring of intelligence.
  3786 | D:4      | 3786 ||| READING scroll labelled ZUNAON NAWARGH.
  3787 | D:4      | 3787 ||| READING 3 scrolls of identify.
  3787 | D:4      | 3787 ||| IDENTIFYING yellow potion
  3788 | D:4      | 3788 ||| READING 2 scrolls of identify.
  3788 | D:4      | 3788 ||| IDENTIFYING metallic blue potion
  3789 | D:4      | 3789 ||| DROPPING potion of degeneration.
  3801 | D:5      | Entered Level 5 of the Dungeon
  3841 | D:5      | Reached skill level 9 in Ranged Weapons
  3855 | D:5      | 3855 ||| READING scroll of enchant armour.
  3855 | D:5      | 3855 ||| ENCHANTING +0 pair of boots.
  3872 | D:5      | Reached XP level 8. HP: 70/70 MP: 7/7
  3880 | D:5      | Reached * piety under Okawaru
  3881 | D:5      | Reached skill level 3 in Dodging
  3976 | D:5      | Found a sacrificial altar of Ru.
  4059 | D:5      | Reached skill level 1 in Invocations
  4064 | D:5      | 4064 ||| INVOKING Heroism.
  4098 | D:5      | Found a hide-covered altar of Uskayaw.
  4103 | D:5      | Noticed a +0 dagger
  4103 | D:5      | Noticed a +0 short sword
  4103 | D:5      | Noticed a +0 short sword
  4103 | D:5      | Noticed a +0 falchion
  4108 | D:5      | Noticed a +0 spear
  4109 | D:5      | Noticed a +0 dagger
  4110 | D:5      | Noticed a +0 falchion
  4111 | D:5      | Noticed a +0 spear
  4274 | D:5      | 4274 ||| INVOKING Heroism.
  4378 | D:5      | 4378 ||| UPGRADING to +0 pair of gloves.
  4383 | D:5      | 4383 ||| READING 2 scrolls labelled ZURE KUEWEEL.
  4384 | D:5      | 4384 ||| READING scroll labelled YWNENIXE CANOR.
  4385 | D:5      | 4385 ||| READING scroll labelled ROEXKO WESMI.
  4386 | D:5      | 4386 ||| DRINKING 2 coppery potions.
  4386 | D:5      | Gained mutation: Your spells are a little harder to cast,
                  | but a little more powerful. [potion of mutation]
  4386 | D:5      | Gained mutation: You occasionally lose the ability to drink
                  | potions when taking damage. [potion of mutation]
  4386 | D:5      | Gained mutation: You possess an exceptional clarity of
                  | mind. [potion of mutation]
  4387 | D:5      | 4387 ||| DRINKING potion of mutation.
  4387 | D:5      | Lost mutation: You occasionally lose the ability to drink
                  | potions when taking damage. [potion of mutation]
  4387 | D:5      | Lost mutation: Your spells are a little harder to cast, but
                  | a little more powerful. [potion of mutation]
  4387 | D:5      | Lost mutation: You possess an exceptional clarity of mind.
                  | [potion of mutation]
  4387 | D:5      | Gained mutation: You are vulnerable to heat. (rF-) [potion
                  | of mutation]
  4387 | D:5      | Gained mutation: Your mind is acute. (Int +4, Str/Dex -1)
                  | [potion of mutation]
  4388 | D:5      | 4388 ||| READING 3 scrolls of identify.
  4388 | D:5      | 4388 ||| IDENTIFYING fuming silvery potion
  4389 | D:5      | 4389 ||| DROPPING scroll of noise.
  4390 | D:5      | 4390 ||| DROPPING potion of ambrosia.
  4400 | D:6      | 4400 ||| Stepping ~*~*~tactically~*~*~ (outnumbered).
  4401 | D:6      | 4401 ||| Stepping ~*~*~tactically~*~*~ (outnumbered).
  4409 | D:6      | Reached skill level 10 in Ranged Weapons
  4477 | D:6      | 4477 ||| DRINKING potion of mutation.
  4477 | D:6      | Lost mutation: Your mind is acute. (Int +4, Str/Dex -1)
                  | [potion of mutation]
  4477 | D:6      | Lost mutation: You are vulnerable to heat. (rF-) [potion of
                  | mutation]
  4477 | D:6      | Gained mutation: You are agile. (Dex +4, Str/Int -1)
                  | [potion of mutation]
  4477 | D:6      | Gained mutation: You are covered in fur. (AC +1) [potion of
                  | mutation]
  4551 | D:6      | 4551 ||| INVOKING Heroism.
  4651 | D:6      | 4651 ||| READING scroll of enchant weapon.
  4651 | D:6      | 4651 ||| ENCHANTING +1 shortbow of flaming.
  4678 | D:6      | 4678 ||| INVOKING Heroism.
  4785 | D:6      | Reached skill level 3 in Invocations
  4785 | D:6      | Reached XP level 9. HP: 79/79 MP: 10/10
  4834 | D:6      | Identified the +0 leather armour of Incorporation {Harm
                  | Int+6}
  4926 | D:6      | Found a staircase to the Ecumenical Temple.
  4927 | D:6      | 4927 ||| INVOKING Heroism.
  4966 | D:6      | Found a white marble altar of Elyvilon.
  4966 | D:6      | Found a burning altar of Makhleb.
  5113 | D:6      | Found Piceas's General Store.
  5118 | D:6      | 5118 ||| BUYING +1 robe of fire resistance (139 gold).
  5118 | D:6      | Bought a +1 robe of fire resistance for 139 gold pieces
  5118 | D:6      | 5118 ||| DROPPING +0 leather armour of Incorporation {Harm
                  | Int+6}.
  5119 | D:6      | 5119 ||| UPGRADING to +1 robe of fire resistance.
  5129 | D:6      | 5129 ||| UPGRADING to ring of poison resistance.
  5193 | D:7      | 5193 ||| INVOKING Heroism.
  5194 | D:7      | 5194 ||| Stepping ~*~*~tactically~*~*~ (outnumbered).
  5215 | D:7      | 5215 ||| INVOKING Heroism.
  5583 | D:7      | Reached skill level 11 in Ranged Weapons
  5618 | D:7      | Found a shimmering blue altar of Sif Muna.
  5710 | D:7      | Noticed Pikel
  5711 | D:7      | 5711 ||| INVOKING Heroism.
  5718 | D:7      | Killed Pikel
  5719 | D:7      | Reached skill level 6 in Dodging
  5830 | D:7      | Noticed a manticore
  5831 | D:7      | 5831 ||| INVOKING Heroism.
  5839 | D:7      | Killed a manticore
  6032 | D:7      | Reached skill level 12 in Ranged Weapons
  6206 | D:8      | Found an opulent altar of Gozag.
  6322 | D:8      | 6322 ||| INVOKING Heroism.
  6333 | D:8      | Reached XP level 10. HP: 86/88 MP: 9/12
  6346 | D:8      | Reached ** piety under Okawaru
  6511 | D:8      | Reached skill level 13 in Ranged Weapons
  6545 | D:8      | 6545 ||| READING scroll of brand weapon.
  6545 | D:8      | 6545 ||| BRANDING +2 shortbow of flaming.
  6555 | D:8      | Found an ornate altar of the Wu Jian Council.
  6576 | D:8      | 6576 ||| INVOKING Heroism.
  6605 | D:8      | 6605 ||| INVOKING Heroism.
  6649 | D:8      | 6649 ||| FLEEEEING.
  6688 | D:8      | 6688 ||| INVOKING Heroism.
  6704 | D:8      | 6704 ||| INVOKING Heroism.
  6974 | D:8      | 6974 ||| INVOKING Heroism.
  7122 | D:8      | 7122 ||| DROPPING +0 ring mail.
  7123 | D:8      | 7123 ||| UPGRADING to +0 steam dragon scales.
  7133 | D:8      | 7133 ||| READING scroll labelled XOEKAZ TEUXKE.
  7133 | D:8      | Identified a scroll of acquirement
  7133 | D:8      | 7133 ||| ACQUIRING 689 gold pieces
  7133 | D:8      | Acquired 689 gold pieces
  7232 | D:9      | 7232 ||| FLEEEEING.
  7431 | D:9      | Reached skill level 9 in Fighting
  7551 | D:9      | 7551 ||| INVOKING Heroism.
  7552 | D:9      | 7552 ||| Stepping ~*~*~tactically~*~*~ (outnumbered).
  7575 | D:9      | 7575 ||| FLEEEEING.
  7576 | D:9      | 7576 ||| FLEEEEING.
  7595 | D:9      | 7595 ||| FLEEEEING.
  7596 | D:9      | 7596 ||| FLEEEEING.
  7947 | D:9      | 7947 ||| READING scroll labelled XOQYSI HERR.
  8094 | D:10     | Entered Level 10 of the Dungeon
  8344 | D:10     | 8344 ||| INVOKING Heroism.
  8383 | D:10     | 8383 ||| FLEEEEING.
  8384 | D:10     | 8384 ||| FLEEEEING.
  8476 | D:10     | 8476 ||| DRINKING potion of curing.
  8476 | D:10     | 8476 ||| (to cure confusion)
  8483 | D:10     | 8483 ||| INVOKING Heroism.
  8490 | D:10     | Reached skill level 14 in Ranged Weapons
  8660 | D:10     | Found a staircase to the Orcish Mines.
  8666 | D:10     | Found Ytopruno's General Store.
  8705 | D:10     | Noticed Lodul
  8706 | D:10     | 8706 ||| INVOKING Heroism.
  8720 | D:10     | Killed Lodul
  8721 | D:10     | Reached XP level 11. HP: 97/97 MP: 11/13
  8766 | D:10     | Reached *** piety under Okawaru
  8776 | D:10     | 8776 ||| BUYING 2 potions of resistance (280 gold).
  8776 | D:10     | Bought 2 potions of resistance for 280 gold pieces
  8776 | D:10     | 8776 ||| BUYING potion of magic (112 gold).
  8776 | D:10     | Bought a potion of magic for 112 gold pieces
  8776 | D:10     | 8776 ||| BUYING scroll of teleportation (42 gold).
  8776 | D:10     | Bought a scroll of teleportation for 42 gold pieces
  9205 | D:11     | Noticed a boulder beetle
  9206 | D:11     | 9206 ||| INVOKING Heroism.
  9231 | D:11     | Killed a boulder beetle
  9259 | D:11     | 9259 ||| INVOKING Heroism.
  9285 | D:11     | Found a staircase to the Lair.
  9307 | D:11     | 9307 ||| INVOKING Heroism.
  9313 | D:11     | Reached skill level 9 in Dodging
  9315 | D:11     | Noticed a boulder beetle
  9328 | D:11     | 9328 ||| INVOKING Heroism.
  9343 | D:11     | Killed a boulder beetle
  9453 | D:11     | 9453 ||| SWAPPING to +0 orcbow.
  9464 | D:11     | 9464 ||| DROPPING +2 shortbow of draining.
  9620 | D:11     | 9620 ||| INVOKING Heroism.
  9626 | D:11     | 9626 ||| READING 8 scrolls of teleportation.
  9738 | D:11     | 9738 ||| INVOKING Heroism.
  9871 | D:11     | 9871 ||| DRINKING potion of curing.
  9871 | D:11     | 9871 ||| (to cure confusion)
  9896 | D:11     | HP: 24/101 [something (2)]
  9900 | D:11     | HP: 5/101 [something (10)]
  9903 | D:11     | Slain by a vampire

Levels and vault maps discovered:
D:1:      scummos_arrival_star, layout_basic, fountainhead
D:2:      layout_basic, uniq_jessica, uniq_robin
D:3:      layout_loops_ring, okawaru_trees_1, nicolae_yredelemnul_corpse_copse,
          gammafunk_ghost_grave, serial_shops, nicolae_shop_window_shopping,
          uniq_grinder, uniq_sigmund
D:4:      layout_basic, nicolae_dithmenos_shadow_blocks,
          cheibrodos_ashenzari_chains, zin_angel, uniq_menkaure, uniq_eustachio
D:5:      layout_rooms, nicolae_ru_the_path_less_chosen,
          nicolae_uskayaw_en_pointe, serial_rivers,
          chequers_serial_rivers_micro_b, chequers_serial_rivers_small_a,
          chequers_serial_rivers_micro_e, chequers_serial_rivers_micro_b
D:6:      layout_basic, nicolae_overflow_two_pavilions,
          minmay_temple_entry_proselytizer, serial_shops, kennysheep_little_box
D:7:      layout_cave_pods, lemuel_blue_sif_altar, uniq_pikel
D:8:      layout_basic, mainiacjoe_overflow_surrounded_room,
          nicolae_wu_jian_wuxing_cycle, minmay_crystal_water, sigmund_army
D:9:      layout_basic, grunt_decor_fettered
D:10:     layout_long_grid, zombieorc2_lemuel, enter_bailey_3, serial_shops,
          nicolae_shop_tiny_waterfront, nicolae_straight_to_the_point,
          uniq_lodul
D:11:     layout_gridville, lair_entry_dummy, nemelex_diamond_rough_becter

Skill      XL: |  1  2  3  4  5  6  7  8  9 10 11 |
---------------+----------------------------------+-----
Ranged Weapons | 5 6 7 9 10 12 14 | 14.3
Fighting       | 3 6 7 8 9 10 | 10.7
Armour         | 1 3 4 5 |  5.1
Dodging        | 4 6 8 9 |  9.0
Invocations    | 3 4 |  4.0
Stealth        | |  0.7

Action                     |  1- 3 |  4- 6 |  7- 9 | 10-12 || total
---------------------------+-------+-------+-------+-------++-------
   Fire: Shortbow          |    85 |   113 |   407 |   470 ||  1075
         Orcbow            |       |       |       |    89 ||    89
 Invoke: Heroism           |       |       |    10 |    15 ||    25
    Use: Scroll            |     5 |     7 |    12 |     4 ||    28
         Potion            |       |     2 |     3 |     2 ||     7
 Armour: Leather armour    |     3 |    12 |       |       ||    15
         Ring mail         |       |       |    31 |       ||    31
         Robe              |       |       |    11 |     2 ||    13
         Steam dragon scal |       |       |       |    46 ||    46
  Dodge: Dodged            |    12 |    52 |   126 |   226 ||   416

Table legend:
 A = Non-vault XP
 B = Vault XP
 C = Vault XP percentage of total XP
 D = Non-vault monster count
 E = Vault monster count
 F = Vault count percentage of total count
                 A         B        C        D         E       F
            +---------+---------+-------+---------+---------+-------
      Total |   11992 |    4046 |  25.2 |     226 |      75 |  24.9
            +---------+---------+-------+---------+---------+-------
        D:1 |      30 |       0 |   0.0 |      18 |       0 |   0.0
        D:2 |      47 |      75 |  61.5 |      13 |      14 |  51.9
        D:3 |     172 |     516 |  75.0 |      23 |       5 |  17.9
        D:4 |     138 |     386 |  73.7 |      20 |       2 |   9.1
        D:5 |     584 |       0 |   0.0 |      15 |       0 |   0.0
        D:6 |    1178 |      41 |   3.4 |      26 |       1 |   3.7
        D:7 |    1366 |     593 |  30.3 |      23 |       1 |   4.2
        D:8 |    2560 |       7 |   0.3 |      31 |       3 |   8.8
        D:9 |    1122 |       0 |   0.0 |      27 |       0 |   0.0
       D:10 |    1087 |    2428 |  69.1 |      14 |      49 |  77.8
       D:11 |    3708 |       0 |   0.0 |      16 |       0 |   0.0
            +---------+---------+-------+---------+---------+-------
